AoeStats
← Donki

Pilgrims

509938848Analyzed
3v3 RM · 4d ago on Sep 28, 2026· 42m 41s· 6 players
Game mode
Random Map
Map size
Normal (6 player)
Population
200
Speed
Normal
Resources
Standard
Victory
Conquest
Starting age
Dark Age
Ending age
Imperial Age
RankedLock teamsTeams togetherTeam positionsShared explorationLock speedFull tech treeHidden civsTurbo modeCheats
Victory
Defeat
🇨🇿 Goths · Czechia
1207
+12
🇨🇿 Saracens · Czechia
1134
+15
🇨🇿 Khitans · Czechia
1105
+16
🇩🇪 Italians · Germany
1149
-16
🇩🇪 Inca · Germany
1093
-14
🇩🇪 Dravidians · Germany
1091
-13
Fµ Ða BÎM§® König
5:13 Loom
10:58 Feudal Age
11:43 Fishing Lines
11:53 Double-Bit Axe
17:58 Castle Age
15:41 Horse Collar
16:09 Town Watch
16:20 Stone Mining
16:20 Gold Mining
16:24 Fletching
17:25 Scale Mail Armor
17:37 Champi Runner
20:38 Gillnets
21:47 Wheelbarrow
23:18 Bow Saw
27:10 Hand Cart
29:37 Imperial Age
29:33 Crossbowman
31:03 Masonry
31:37 Murder Holes
33:29 Gold Shaft Mining
33:55 Conscription
35:41 Thumb Ring
35:32 Bodkin Arrow
35:37 Padded Archer Armor
37:13 Capped Ram
38:27 Heavy Plow
39:03 Stone Shaft Mining
38:31 Bracer
38:46 Leather Archer Armor
38:08 Siege Ram
40:13 Crop Rotation
40:18 Arson
40:33 Squires
39:55 Champi Warrior
40:51 Chain Mail Armor
42:58 Andean Sling
Bector
9:08 Loom
11:25 Feudal Age
16:05 Castle Age
17:33 Thumb Ring
18:05 Fletching
19:41 Padded Archer Armor
22:41 Ballistics
31:08 Imperial Age
30:33 Wheelbarrow
33:06 Husbandry
33:46 Hand Cart
38:44 Scale Barding Armor
BIMSEBIENE
7:13 Loom
11:37 Feudal Age
14:29 Double-Bit Axe
17:15 Castle Age
14:59 Horse Collar
16:01 Stone Mining
16:03 Gold Mining
18:36 Medium Warships
19:51 Bow Saw
21:10 Wheelbarrow
21:21 Heavy Plow
23:01 Town Watch
26:10 Fletching
27:22 Bodkin Arrow
27:56 Padded Archer Armor
29:19 Hand Cart
30:33 Leather Archer Armor
31:35 Ballistics
30:56 Treadmill Crane
35:03 Imperial Age
33:59 Thumb Ring
33:17 Elite Skirmisher
34:01 Squires
33:47 Arson
34:27 Forging
34:17 Scale Mail Armor
34:29 Fishing Lines
36:16 Crop Rotation
36:00 Bracer
36:17 Chain Mail Armor
36:33 Ring Archer Armor
37:07 Chemistry
Abraham
6:40 Loom
8:05 Loom
11:40 Feudal Age
19:54 Castle Age
28:31 Fletching
32:46 Domestication
Donki
7:45 Loom
11:37 Feudal Age
12:39 Horse Collar
12:55 Double-Bit Axe
16:42 Castle Age
17:53 Bow Saw
20:10 Stone Mining
20:25 Scale Mail Armor
22:12 Wheelbarrow
26:07 Imperial Age
24:21 Heavy Plow
24:35 Bow Saw
25:40 Forging
25:31 Scale Mail Armor
26:14 Anarchy
26:59 Scale Mail Armor
27:09 Forging
27:44 Squires
28:28 Chain Mail Armor
28:59 Conscription
31:28 Iron Casting
32:11 Conscription
32:36 Town Watch
33:34 Elite Huskarl
35:35 Blast Furnace
36:19 Two-Man Saw
35:21 Heavy Plow
36:19 Gold Mining
37:53 Man-at-Arms
38:38 Perfusion
38:42 Long Swordsman
39:02 Two-Handed Swordsman
39:20 Champion
40:10 Pikeman
42:26 Crop Rotation
42:01 Halberdier
DartPlayerCZ
8:13 Loom
10:19 Feudal Age
14:46 Wheelbarrow
18:04 Castle Age
19:40 Double-Bit Axe
21:52 Hand Cart
21:56 Bow Saw
21:41 Gold Mining
21:44 Stone Mining
22:56 Horse Collar
23:49 Town Watch
25:12 Town Patrol
26:07 Heavy Plow
27:18 Forging
27:14 Scale Barding Armor
29:48 Bloodlines
29:38 Husbandry
35:05 Imperial Age
33:20 Coinage
34:59 Iron Casting
34:45 Chain Barding Armor
37:29 Elite Skirmisher
38:21 Fletching
38:31 Padded Archer Armor
41:07 Conscription
40:59 Counterweights
42:20 Gold Shaft Mining
Connection lost

Rejoining the realm…

Still unreachable

The connection could not be restored.

Session expired

The server has moved on; the page needs a fresh start.